 Dungeon Crawl Stone Soup version 0.28-a0-1143-gcf6077d4cc (webtiles) character file.

Game seed: 17459326203334951167

1791 dolemite99 the Slinger (level 9, -11/69 HPs)
             Began as a Gnoll Hunter on Dec 14, 2021.
             Mangled by a hornet (13 damage)
             ... on level 5 of the Dungeon.
             The game lasted 00:11:53 (8408 turns).

dolemite99 the Slinger (Gnoll Hunter)               Turns: 8408, Time: 00:11:54

Health: -11/69     AC:  7    Str: 16    XL:     9   Next: 8%
Magic:  14/14      EV: 14    Int: 10    God:
Gold:   225        SH:  0    Dex: 13    Spells: 15/15 levels left

rFire   + . .      SeeInvis .   a - +1 hunting sling
rCold   . . .      Faith    .   (no shield)
rNeg    . . .      Spirit   .   E - +3 leather armour {rF+}
rPois   .          Reflect  .   p - +0 helmet
rElec   .          Harm     .   (no cloak)
rCorr   .          Rampage  .   (no gloves)
Will    .....                   (no boots)
Stlth   ++........              (no amulet)
HPRegen 0.21/turn               (no ring)
MPRegen 0.14/turn               (no ring)

@: lethally poisoned (-11 -> -12), slowed, very slow
A: fangs 1, strong nose, distributed training
a: no special abilities


You were on level 5 of the Dungeon.
You visited 1 branch of the dungeon, and saw 6 of its levels.

You collected 225 gold pieces.

Inventory:

Hand Weapons
 a - a +1 hunting sling (weapon)
 b - a +1 spear of flaming
 r - a +0 short sword
 x - a +0 scimitar
 z - a +0 dire flail
 D - a +2 whip of pain
Missiles
 h - 90 stones (quivered ammo)
 i - 3 atropa-tipped darts
 j - 3 boomerangs
 k - 11 poisoned darts
 l - 17 arrows
 t - 14 sling bullets
 y - 53 bolts
Armour
 c - a +0 leather armour
 d - a +0 kite shield
 g - a +0 ring mail
 p - a +0 helmet (worn)
 E - a +3 leather armour of fire resistance (worn)
Jewellery
 o - a ring of ice
 u - a ring of fire
Scrolls
 f - a scroll of identify {unknown}
 q - a scroll of silence {unknown}
 s - a scroll of magic mapping {unknown}
 A - a scroll of enchant weapon {unknown}
 F - a scroll of fog {unknown}
Potions
 e - a potion of invisibility {unknown}
 m - a potion of resistance {unknown}
 n - a potion of cancellation
 v - a potion of attraction {unknown}
 w - a potion of degeneration {unknown}
 B - a potion of berserk rage {unknown}
 C - a potion of haste {unknown}
 G - a potion of magic


   Skills:
 + Level 6.1 Fighting
 + Level 3.9 Short Blades
 + Level 3.9 Long Blades
 + Level 3.9 Axes
 + Level 3.9 Maces & Flails
 + Level 3.9 Polearms
 + Level 3.9 Staves
 + Level 9.4 Slings
 + Level 3.9 Bows
 + Level 3.9 Crossbows
 + Level 3.9 Throwing
 + Level 3.9 Armour
 + Level 6.1 Dodging
 + Level 4.6 Stealth
 + Level 3.9 Shields
 + Level 3.9 Unarmed Combat
 + Level 3.9 Spellcasting
 + Level 3.2 Conjurations
 + Level 3.2 Hexes
 + Level 3.2 Summonings
 + Level 3.2 Necromancy
 + Level 3.2 Translocations
 + Level 3.2 Transmutations
 + Level 3.2 Fire Magic
 + Level 3.2 Ice Magic
 + Level 3.2 Air Magic
 + Level 3.2 Earth Magic
 + Level 3.2 Poison Magic
 + Level 4.3 Invocations
 + Level 3.9 Evocations


You had 15 spell levels left.
You didn't know any spells.
Your spell library contained the following spells:

 Spells                   Type           Power      Damage    Failure   Level
 Stone Arrow              Conj/Erth      16%        3d8       24%         3
 Animate Armour           Summ/Erth      16%        N/A       63%         4
 Freezing Cloud           Conj/Ice/Air   4%         6-21      92%         5
 Simulacrum               Ice/Necr       4%         N/A       100%        6
 Lehudib's Crystal Spear  Conj/Erth      4%         10d3      100%        8
 Chain Lightning          Conj/Air       4%         3d5       100%        9
 Fire Storm               Conj/Fire      4%         8d1       100%        9
 Polar Vortex             Ice            4%         N/A       100%        9
 Shatter                  Erth           4%         3d7*      100%        9


Dungeon Overview and Level Annotations

Branches:
Dungeon (6/15)
 Temple: D:4-7

Altars:
Elyvilon
Sif Muna
Vehumet

Shops:
D:3 :

Annotations:
D:3 1 runed translucent door, exclusion: door
D:5 3 runed translucent doors, RancidPinata's ghost, weakling GrDe


Innate Abilities, Weirdness & Mutations

You have very sharp teeth.
Your uncanny sense of smell can sniff out nearby items.
Your experience applies equally to all skills.


Message History

Aim: a hornet (heavily wounded, 54% to hit)
You shoot a stone. The stone hits the hornet.
The hornet is severely wounded.
You feel sick. The hornet completely misses you. The hornet closely misses you.
Fire: 94 stones
Press: ? - help, Q - select action, (/) - cycle Shift-Dir - straight line, f/p - hornet
Aim: a hornet (severely wounded, 54% to hit)
You shoot a stone. The stone hits the hornet.
The hornet is severely wounded.
You feel sick. The hornet stings you.
* * * LOW HITPOINT WARNING * * *
You suddenly lose the ability to move!
You can move again.
Fire: 93 stones
Press: ? - help, Q - select action, (/) - cycle Shift-Dir - straight line, f/p - hornet
Aim: a hornet (severely wounded, 54% to hit)
You shoot a stone. The stone hits the hornet.
The hornet is severely wounded.
You feel sick. The hornet stings you.
* * * LOW HITPOINT WARNING * * *
You feel as though you will be slow longer.
The hornet stings you.
* * * LOW HITPOINT WARNING * * *
You feel as though you will be slow longer.
Unknown command.
Fire: 92 stones
Press: ? - help, Q - select action, (/) - cycle Shift-Dir - straight line, f/p - hornet
Aim: a hornet (severely wounded, 54% to hit)
You shoot a stone. The stone closely misses the hornet.
* * * LOW HITPOINT WARNING * * *
You feel sick. The hornet closely misses you.
Unknown command.
Fire: 91 stones
Press: ? - help, Q - select action, (/) - cycle Shift-Dir - straight line, f/p - hornet
Aim: a hornet (severely wounded, 54% to hit)
You shoot a stone. The stone hits the hornet.
The hornet is almost dead.
* * * LOW HITPOINT WARNING * * *
You feel sick. The hornet stings you!
You die...

#.# #.# #.# #.# #.# #.#
#.# #.# #.# #.# #.# #.#
#.# #.# #.# #.### #.# #.#
#...## #.########.##
#.#..########...........#
#...........@..##########
#...........y..#
#..#########...#
#..#.......#...#
#..#.......#...#
##..+.......#.).#
#...+.....!.#...#
#...+.....$.#(.(#
#...#.......#...#


You could see a hornet.

Vanquished Creatures
  A hornet (D:5)
  Sigmund (D:5)
  Eustachio (D:5)
  2 black bears
  A necrophage (D:3)
  3 ogres
  3 scorpions (D:5)
  A bullfrog (D:6)
  The ghost of spaghetti the Slasher, a weakling NaCK of Xom (D:2)
  4 wights
  A centaur zombie (D:6)
  A bullfrog skeleton (D:5)
  A gnoll shaman (D:3)
  A scorpion zombie (D:5)
  An iguana (D:4)
  An orc wizard (D:6)
  Robin (D:3)
  5 gnolls (D:3)
  An adder (D:2)
  A river rat (D:3)
  A worm (D:2)
  3 dart slugs
  An orc (D:4)
  5 ball pythons
  4 bats
  6 endoplasms
  4 giant cockroaches
  9 hobgoblins
  7 jackals
  6 kobolds
  5 quokkas
  3 frilled lizards
  9 goblins
  4 rats (D:2)
99 creatures vanquished.

Notes
Turn   | Place    | Note
-------+----------+-------------------------------------------
     0 | D:1      | dolemite99 the Gnoll Hunter began the quest for the Orb.
     0 | D:1      | Reached XP level 1. HP: 20/20 MP: 1/1
   348 | D:1      | Reached XP level 2. HP: 26/26 MP: 2/2
   893 | D:1      | Reached XP level 3. HP: 31/31 MP: 3/3
  1285 | D:2      | Reached skill level 1 in Invocations
  1498 | D:2      | Reached skill level 1 in Short Blades
  1498 | D:2      | Reached skill level 1 in Long Blades
  1498 | D:2      | Reached skill level 1 in Axes
  1498 | D:2      | Reached skill level 1 in Maces & Flails
  1498 | D:2      | Reached skill level 1 in Polearms
  1498 | D:2      | Reached skill level 1 in Staves
  1498 | D:2      | Reached skill level 1 in Bows
  1498 | D:2      | Reached skill level 1 in Crossbows
  1498 | D:2      | Reached skill level 1 in Throwing
  1498 | D:2      | Reached skill level 1 in Armour
  1498 | D:2      | Reached skill level 1 in Shields
  1498 | D:2      | Reached skill level 1 in Unarmed Combat
  1498 | D:2      | Reached skill level 1 in Spellcasting
  1498 | D:2      | Reached skill level 1 in Evocations
  1758 | D:2      | Reached XP level 4. HP: 38/38 MP: 5/5
  2068 | D:3      | Found Uxibomebi's Book Boutique.
  2134 | D:3      | Found a runed translucent door.
  2140 | D:3      | Noticed spaghetti's ghost (weakling NaCK)
  2343 | D:3      | Found a white marble altar of Elyvilon.
  2460 | D:3      | Noticed a necrophage
  2499 | D:3      | Killed a necrophage
  2500 | D:3      | Reached skill level 1 in Conjurations
  2500 | D:3      | Reached skill level 1 in Hexes
  2500 | D:3      | Reached skill level 1 in Summonings
  2500 | D:3      | Reached skill level 1 in Necromancy
  2500 | D:3      | Reached skill level 1 in Translocations
  2500 | D:3      | Reached skill level 1 in Transmutations
  2500 | D:3      | Reached skill level 1 in Fire Magic
  2500 | D:3      | Reached skill level 1 in Ice Magic
  2500 | D:3      | Reached skill level 1 in Air Magic
  2500 | D:3      | Reached skill level 1 in Earth Magic
  2500 | D:3      | Reached skill level 1 in Poison Magic
  2500 | D:3      | Reached XP level 5. HP: 37/43 MP: 5/7
  2615 | D:3      | Noticed Robin
  2624 | D:3      | Killed Robin
  2821 | D:3      | Found a runed translucent door.
  3070 | D:2      | Killed spaghetti's ghost
  3071 | D:2      | Reached XP level 6. HP: 23/50 MP: 8/8
  3538 | D:3      | Reached skill level 5 in Fighting
  3538 | D:3      | Reached skill level 5 in Dodging
  3931 | D:3      | Found a shimmering blue altar of Sif Muna.
  4012 | D:4      | Noticed a black bear
  4141 | D:4      | Killed a black bear
  4147 | D:4      | Found a radiant altar of Vehumet.
  4184 | D:4      | Reached XP level 7. HP: 9/56 MP: 10/10
  5686 | D:4      | Reached skill level 9 in Slings
  6089 | D:5      | Entered Level 5 of the Dungeon
  6269 | D:5      | Reached XP level 8. HP: 63/63 MP: 12/12
  6443 | D:5      | Found a runed translucent gate.
  6443 | D:5      | Found a runed translucent gate.
  6443 | D:5      | Found a runed translucent gate.
  6443 | D:5      | Noticed RancidPinata's ghost (weakling GrDe)
  6445 | D:5      | Noticed Eustachio
  6476 | D:5      | Killed Eustachio
  6844 | D:5      | Noticed a hornet
  6847 | D:5      | Noticed Sigmund
  6852 | D:5      | Paralysed by a hornet for 3 turns
  6853 | D:5      | Killed a hornet
  7118 | D:5      | Killed Sigmund
  7501 | D:5      | Reached XP level 9. HP: 51/69 MP: 14/14
  7915 | D:6      | Noticed a hornet
  7988 | D:6      | Paralysed by a hornet for 3 turns
  7999 | D:5      | Paralysed by a hornet for 3 turns
  8405 | D:5      | Paralysed by a hornet for 1 turns
  8407 | D:5      | HP: 3/69 [poisoned by a hornet]
  8408 | D:5      | Mangled by a hornet

Illustrated notes

Levels and vault maps discovered:
D:1:      dpeg_arrival_renting, layout_loops_corners,
          chequers_serial_rivers_room_a
D:2:      minmay_skewed_foursquare, layout_loops_ring, minmay_misc_feat_hallway
D:3:      layout_loops_ring, elyvilon_altar_5, led_sif_book,
          ebering_ghost_sewer_f, serial_shops, shop, kennysheep_flooded_box,
          uniq_robin
D:4:      layout_rooms, mainiacjoe_overflow_six_doors_small, serial_park_tiny_1
D:5:      layout_basic, gammafunk_ghost_split, uniq_eustachio, uniq_sigmund
D:6:      layout_basic, hangedman_abyss_or_decor_stabs,
          minmay_fractal_squares_5, uniq_maggie

Skill      XL: |  1  2  3  4  5  6  7  8 |
---------------+-------------------------+-----
Invocations    | 1 2 3 4 |  4.3
Short Blades   | 1 2 3 |  3.9
Long Blades    | 1 2 3 |  3.9
Axes           | 1 2 3 |  3.9
Maces & Flails | 1 2 3 |  3.9
Polearms       | 1 2 3 |  3.9
Staves         | 1 2 3 |  3.9
Bows           | 1 2 3 |  3.9
Crossbows      | 1 2 3 |  3.9
Throwing       | 1 2 3 |  3.9
Armour         | 1 2 3 |  3.9
Shields        | 1 2 3 |  3.9
Unarmed Combat | 1 2 3 |  3.9
Spellcasting   | 1 2 3 |  3.9
Evocations     | 1 2 3 |  3.9
Conjurations   | 1 2 3 |  3.2
Hexes          | 1 2 3 |  3.2
Summonings     | 1 2 3 |  3.2
Necromancy     | 1 2 3 |  3.2
Translocations | 1 2 3 |  3.2
Transmutations | 1 2 3 |  3.2
Fire Magic     | 1 2 3 |  3.2
Ice Magic      | 1 2 3 |  3.2
Air Magic      | 1 2 3 |  3.2
Earth Magic    | 1 2 3 |  3.2
Poison Magic   | 1 2 3 |  3.2
Stealth        | 3 4 |  4.6
Fighting       | 5 6 |  6.1
Dodging        | 5 6 |  6.1
Slings         | 9 |  9.4

Action                   |  1- 3 |  4- 6 |  7- 9 || total
-------------------------+-------+-------+-------++-------
Melee: Spear             |       |    41 |    11 ||    52
       Bite              |       |     3 |     3 ||     6
       Punch             |       |     1 |     1 ||     2
 Fire: Hunting sling     |    86 |   127 |   198 ||   411
Throw: Dart              |       |     4 |    24 ||    28
       Boomerang         |       |       |     2 ||     2
Evoke: Wand              |       |     4 |       ||     4
  Use: Potion            |       |     3 |     2 ||     5
       Scroll            |       |     1 |     3 ||     4
Armor: Leather armour    |     3 |       |    25 ||    28
       Ring mail         |     3 |    27 |    27 ||    57
Dodge: Dodged            |     4 |    50 |    95 ||   149

Table legend: (Time is in decaauts)
 A = Elapsed time spent in this place.
 B = Non-inter-level travel time spent in this place.
 C = Inter-level travel time spent in this place.
 D = Time resting spent in this place.
 E = Time spent auto-exploring this place.
 F = Levels seen in this place.
 G = Mean time per level.
                   A        B        C        D        E       F      G
               +--------+--------+--------+--------+--------+-----+--------+
         Total |   8318 |   8009 |    309 |   3216 |   3466 |   6 | 1386.3 |
       Dungeon |   8318 |   8009 |    309 |   3216 |   3466 |   6 | 1386.3 |
               +--------+--------+--------+--------+--------+-----+--------+

Top non-repeatable levels by time:
     D:5: 2189 daAuts
     D:3: 1888 daAuts
     D:4: 1706 daAuts
     D:2: 1354 daAuts
     D:1: 1068 daAuts
     D:6: 111 daAuts
